 Dungeon Crawl Stone Soup version 0.31-a0-963-ga325b2283a (webtiles) character file.

Game seed: 8875039140726458014

3101 IndexError the Destroyer (level 9, -13/57 HPs)
             Began as a Demonspawn Conjurer on Oct 25, 2023.
             Killed from afar by a manticore (15 damage)
             ... with a volley of spikes
             ... on level 6 of the Dungeon.
             The game lasted 00:16:15 (8316 turns).

IndexError the Destroyer (Demonspawn Conjurer)      Turns: 8316, Time: 00:16:16

Health: -13/57     AC: 13    Str: 12    XL:     9   Next: 59%
Magic:  18/22      EV: 14    Int: 24    God:
Gold:   521        SH:  4    Dex: 17    Spells: 23/26 levels left

rFire   . . .        a - +1 short sword (venom)
rCold   . . .        (no shield)
rNeg    . . .        z - +1 robe of Bareit {rElec Str+4}
rPois   .            (helmet unavailable)
rElec   +            w - scarf {repulsion}
rCorr   .            o - +0 pair of gloves
SInv    .            x - +0 pair of boots
Will    .....        (no amulet)
Stlth   ++           j - +4 ring of protection
HPRegen 0.29/turn    k - +6 ring of dexterity
MPRegen 0.18/turn

%: repel missiles
@: spiked
A: horns 3, repulsion field 1, icemail 1, condensation shield, demonic magic 1
a: no special abilities


You were on level 6 of the Dungeon.
You visited 1 branch of the dungeon, and saw 7 of its levels.

You collected 521 gold pieces.

Inventory:

Hand Weapons
 a - a +1 short sword of venom (weapon)
   (You took it off a kobold on level 1 of the Dungeon)
 b - a +0 sling
   (You found it on level 1 of the Dungeon)
Missiles
 i - 2 throwing nets {=f, !d}
 C - 6 javelins
 J - 4 poisoned darts
 K - 2 boomerangs
Armour
 o - a +0 pair of gloves (worn)
   (You found it on level 2 of the Dungeon)
 q - a +0 cloak
   (You took it off Crazy Yiuf on level 2 of the Dungeon)
 w - a scarf of repulsion (worn)
   (You found it on level 3 of the Dungeon)
 x - a +0 pair of boots (worn)
   (You found it on level 3 of the Dungeon)
 z - the +1 robe of Bareit (worn) {rElec Str+4}
   (You took it off a kobold on level 4 of the Dungeon)

   Str+4:     It affects your strength (+4).
   rElec:     It insulates you from electricity.
Jewellery
 j - a +4 ring of protection (left hand)
   (You took it off a kobold on level 2 of the Dungeon)
 k - a +6 ring of dexterity (right hand)
   (You found it on level 2 of the Dungeon)
 F - a ring of fire {rF+, rC-}
   (You found it on level 5 of the Dungeon)
Wands
 G - a wand of quicksilver (2)
   (You took it off Ijyb on level 5 of the Dungeon)
Scrolls
 c - 3 scrolls of enchant weapon {unknown}
 e - 2 scrolls of teleportation {unknown}
 n - a scroll of summoning {unknown}
 r - a scroll of enchant armour {unknown}
 t - 3 scrolls of revelation {unknown}
 y - a scroll of blinking {unknown}
 A - a scroll of poison {unknown}
 B - 5 scrolls of identify {unknown}
 D - 2 scrolls of immolation {unknown}
 E - a scroll of brand weapon {unknown}
 H - a scroll of acquirement {unknown}
Potions
 d - 2 potions of magic
 f - 2 potions of curing {unknown}
 g - 3 potions of heal wounds {unknown}
 l - 2 potions of attraction {unknown}
 m - a potion of brilliance {unknown}
 p - 2 potions of enlightenment {unknown}
 s - a potion of invisibility {unknown}
 u - a potion of resistance {unknown}
 v - a potion of might {unknown}
 I - 2 potions of ambrosia {unknown}


   Skills:
 - Level 1.7 Dodging
 - Level 1.7 Stealth
 + Level 9.0 Spellcasting
 + Level 10.4 Conjurations


You had 23 spell levels left.
You knew the following spells:

 Your Spells              Type           Power      Damage    Failure   Level
a - Magic Dart            Conj           100%       1d8       1%          1
b - Searing Ray           Conj           100%       2d8       1%          2

Your spell library contained the following spells:

 Spells                   Type           Power      Damage    Failure   Level
 Dazzling Flash           Conj/Hex       70%        N/A       1%          3
 Fulminant Prism          Conj/Hex       17%        3d10      7%          4
 Iskenderun's Mystic Bla  Conj/Tloc      35%        2d8       7%          4
 Conjure Ball Lightning   Conj/Air       17%        3x3d6     71%         6
 Discord                  Hex            5%         N/A       100%        8
 Disjunction              Tloc           5%         N/A       100%        8


Dungeon Overview and Level Annotations

Branches:
Dungeon (7/15)
 Temple: D:4-7

Altars:
Fedhas
Okawaru
Ru

Shops:
D:5 :


Innate Abilities, Weirdness & Mutations

You have a pair of large horns on your head.
You are surrounded by a mild repulsion field. (EV +2)
A meltable icy envelope protects you from harm. (AC +4)
A meltable shield of frost defends you. (SH +4)
Spells you cast may paralyse adjacent enemies.


Message History

Magic restored.
Done exploring.
Health restored: 57; MP restored: 21 You climb downwards.
You hear the roar of battle.
There is an entrance to a bailey on this level.
Hurry and find it before the portal closes forever!
You hear the loud creaking of a distant portcullis.
The slime creature quivers.
The manticore flicks its tail.
The volley of spikes hits you!
The barbed spikes become lodged in your body.
The orc wizard gestures at you while chanting.
The puff of flame misses you.
There is a stone staircase leading up, spattered with blood here.
You take 12 damage, and have 45/57 hp.
MASSIVE DAMAGE!!
Casting: Searing Ray (safe; 1% risk of failure)
Confirm with . or Enter, or press ? or * to list all spells.
Okay, then.
The slime creature closely misses you. The manticore barely misses you. x2
The manticore claws you but does no damage.
You block the orc wizard's attack.
The barbed spikes dig painfully into your body as you move.
You climb upwards.
There is a stone staircase leading down, spattered with blood here.
You take 3 damage, and have 42/57 hp.
Casting: Searing Ray (safe; 1% risk of failure)
Confirm with . or Enter, or press ? or * to list all spells.
Aiming: Searing Ray (safe; 1% risk of failure)
Press: ? - help, Shift-Dir - straight line, f - slime creature
Aim: a slime creature (96% to hit)
The searing ray hits the slime creature! (Press . to maintain the ray.) Malevolent energies surge around you.
The slime creature suddenly stops moving!
The orc wizard hits you but does no damage.
The manticore bites you. The manticore claws you.
You block the manticore's attack.
You take 9 damage, and have 33/57 hp.
You now have 19/21 mp.
The searing ray hits the slime creature!
The orc wizard casts a spell at you.
The magic dart hits you but does no damage.
The manticore closely misses you.
The manticore claws you but does no damage. x2
You now have 18/21 mp.
The helpless slime creature fails to defend itself.
You puncture the slime creature! You headbutt the slime creature!
You punch the slime creature, but do no damage.
The orc wizard closely misses you. The manticore barely misses you.
The manticore claws you.
The manticore claws you but does no damage.
You take 6 damage, and have 27/57 hp.
The helpless slime creature fails to defend itself.
You hit the slime creature. You headbutt the slime creature.
The slime creature is no longer paralysed.
The slime creature hits you but does no damage.
The orc wizard points at you and mumbles some strange words.
You easily resist.
The manticore bites you!
* * * LOW HITPOINT WARNING * * *
The manticore claws you but does no damage.
The manticore completely misses you.
You take 14 damage, and have 13/57 hp.
MASSIVE DAMAGE!!
You hit the slime creature.
The slime creature is poisoned.
The slime creature closely misses you.
The orc wizard hits you but does no damage.
The manticore misses you. x2; The manticore claws you.
* * * LOW HITPOINT WARNING * * *
You take 1 damage, and have 12/57 hp.
You completely miss the slime creature. You headbutt the slime creature.
Your punch misses the slime creature.
You carefully extract the barbed spikes from your body.
The slime creature closely misses you. The orc wizard closely misses you.
The manticore misses you. The manticore claws you!
* * * LOW HITPOINT WARNING * * *
The manticore barely misses you.
You take 10 damage, and have 2/57 hp.
You hit the slime creature.
The slime creature looks as sick as possible!
You block the manticore's attack.
The manticore claws you but does no damage.
The manticore barely misses you. The orc wizard closely misses you.
Your Spellcasting skill increases to level 9!
The manticore misses you. The manticore claws you.
* * * LOW HITPOINT WARNING * * *
The manticore closely misses you.
The orc wizard hits you but does no damage.
You take 2 damage, and have 1/57 hp.
The manticore flicks its tail.
The volley of spikes hits you but does no damage.
Casting: Searing Ray (safe; 1% risk of failure)
Confirm with . or Enter, or press ? or * to list all spells.
Aiming: Searing Ray (safe; 1% risk of failure)
Press: ? - help, Shift-Dir - straight line, f - manticore
Aim: a manticore (90% to hit)
The searing ray hits the manticore.
The searing ray hits the orc wizard. (Press . to maintain the ray.) Malevolent energies surge around you.
The manticore flicks its tail.
The volley of spikes hits you!
The barbed spikes become lodged in your body.
You die...

######## ######## #
#......# #......# #
#......# #.####.# #
#......# #.# #.# #
#......# #.# #.#
######......#######.#
#.#
.....'......'...@.Ho#
#.#
######......#######.#
#.# # ######## #.#
#.# # #.# #.# # #.#
#.# # #.# #.#######
####### #.# #.#.....#
......# #.# #.#.###.#
......#
##########.####.#.#
#.#


You could see a manticore and an orc wizard.

Vanquished Creatures
  A deep elf pyromancer (D:7)
  Grinder (D:5)
  2 slime creatures (D:6)
  A vampire mosquito (D:6)
  A steam dragon (D:6)
  Edmund (D:5)
  4 black bears
  A sky beast (D:6)
  2 ice beasts
  A phantom (D:6)
  A scorpion (D:4)
  A water moccasin zombie (D:3)
  A hound (D:6)
  3 jellies
  A gnoll bouda (D:6)
  4 orc priests
  Crazy Yiuf (D:2)
  3 sleepcaps
  Ijyb (D:5)
  5 iguanas
  2 orc wizards
  A scorpion zombie (D:3)
  2 hound zombies (D:3)
  2 hound skeletons (D:3)
  Robin (D:2)
  6 adders
  5 gnolls (D:6)
  A shadow imp (D:6)
  2 ufetubi
  2 adder zombies (D:3)
  An adder skeleton (D:3)
  3 worms
  4 dart slugs
  20 orcs
  7 bats
  8 endoplasms
  4 giant cockroaches
  15 goblins
  8 hobgoblins
  2 jackals (D:1)
  12 kobolds
  2 quokkas (D:1)
  10 ball pythons
  A ball python skeleton (D:3)
  3 frilled lizards
  A quokka skeleton (D:3)
  5 rats
166 creatures vanquished.

Vanquished Creatures (others)
  A sleepcap (D:7)
1 creature vanquished.

Grand Total: 167 creatures vanquished

Notes
Turn   | Place    | Note
-------+----------+-------------------------------------------
     0 | D:1      | IndexError the Demonspawn Conjurer began the quest for the
                  | Orb.
     0 | D:1      | Reached XP level 1. HP: 13/13 MP: 3/3
   168 | D:1      | Gained mutation: A meltable shield of frost defends you.
                  | (SH +4) [demonic ancestry]
   168 | D:1      | Reached XP level 2. HP: 19/19 MP: 5/5
   480 | D:1      | Learned a level 2 spell: Searing Ray
   629 | D:1      | Gained mutation: A meltable icy envelope protects you from
                  | harm. (AC +4) [demonic ancestry]
   629 | D:1      | Reached XP level 3. HP: 21/24 MP: 5/7
  1121 | D:2      | Reached skill level 3 in Spellcasting
  1124 | D:2      | Identified the +1 helmet "Xiorod" {Regen+ rCorr Int+2}
  1124 | D:2      | Noticed Robin
  1139 | D:2      | Killed Robin
  1410 | D:2      | Reached XP level 4. HP: 30/30 MP: 5/8
  1546 | D:2      | Reached skill level 5 in Conjurations
  1954 | D:2      | Found a runed translucent door.
  1955 | D:2      | Noticed Crazy Yiuf
  2288 | D:2      | Killed Crazy Yiuf
  2413 | D:3      | Gained mutation: Spells you cast may paralyse adjacent
                  | enemies. [demonic ancestry]
  2413 | D:3      | Reached XP level 5. HP: 33/35 MP: 6/10
  2604 | D:2      | Reached skill level 4 in Spellcasting
  3044 | D:3      | Gained mutation: You have a pair of small horns on your
                  | head. [demonic ancestry]
  3044 | D:3      | Reached XP level 6. HP: 41/41 MP: 6/12
  3053 | D:3      | Reached skill level 6 in Conjurations
  3667 | D:4      | Identified the +1 robe of Bareit {rElec Str+4}
  3876 | D:4      | Reached skill level 5 in Spellcasting
  4235 | D:4      | Gained mutation: You are surrounded by a mild repulsion
                  | field. (EV +2) [demonic ancestry]
  4235 | D:4      | Reached XP level 7. HP: 35/46 MP: 9/14
  4564 | D:5      | Entered Level 5 of the Dungeon
  4861 | D:5      | Found a sacrificial altar of Ru.
  4932 | D:5      | Noticed Edmund
  4957 | D:5      | Killed Edmund
  4958 | D:5      | Reached skill level 7 in Conjurations
  5262 | D:5      | Found Cehoa's Book Shop.
  5352 | D:5      | Noticed Grinder
  5355 | D:5      | Paralysed by Grinder for 4 turns
  5367 | D:5      | Killed Grinder
  5368 | D:5      | Reached skill level 6 in Spellcasting
  5368 | D:5      | Gained mutation: You have a pair of horns on your head.
                  | [demonic ancestry]
  5368 | D:5      | Reached XP level 8. HP: 20/52 MP: 12/17
  5631 | D:5      | Noticed Ijyb
  5645 | D:5      | Killed Ijyb
  5833 | D:5      | Found a blossoming altar of Fedhas.
  6178 | D:6      | Reached skill level 8 in Conjurations
  6393 | D:6      | Reached skill level 7 in Spellcasting
  6648 | D:6      | Found an iron altar of Okawaru.
  6761 | D:6      | Reached skill level 9 in Conjurations
  7709 | D:7      | Gained mutation: You have a pair of large horns on your
                  | head. [demonic ancestry]
  7709 | D:7      | Reached XP level 9. HP: 57/57 MP: 15/20
  7817 | D:7      | Reached skill level 8 in Spellcasting
  7954 | D:7      | Noticed a deep elf pyromancer
  7958 | D:7      | Noticed a manticore
  7962 | D:7      | Identified the ring "Umibba" {EV+5 Slay+2}
  7971 | D:7      | Killed a deep elf pyromancer
  7989 | D:6      | Reached skill level 10 in Conjurations
  8309 | D:6      | HP: 13/57 [manticore (15)]
  8311 | D:6      | HP: 2/57 [manticore (10)]
  8313 | D:6      | Reached skill level 9 in Spellcasting
  8316 | D:6      | Killed from afar by a manticore

Illustrated notes

Levels and vault maps discovered:
D:1:      mushboom_english_gardens, layout_basic,
          nicolae_concentric_dashed_squares_mild
D:2:      layout_loops_corners, minmay_randomly_rotated_circles, uniq_robin,
          uniq_crazy_yiuf_cottage
D:3:      layout_rooms, serial_undead, serial_undead_d, serial_undead_e,
          serial_undead_a, serial_undead_d, serial_undead_e
D:4:      cheibrodos_helix_gallery, layout_loops_corners
D:5:      layout_basic, mainiacjoe_overflow_24_doors, lemuel_round_altar,
          serial_shops, shop, minmay_misc_feat_plants, uniq_edmund, uniq_ijyb,
          uniq_grinder
D:6:      layout_basic, okawaru_gym_becter
D:7:      minmay_the_grid_square_5x5_3x3 [minmay_the_grid_square_5x5_two_small,
          minmay_the_grid_square_5x5_bite, minmay_the_grid_square_5x5_mess,
          minmay_the_grid_square_5x5_eight_small,
          minmay_the_grid_square_5x5_megaprize_open,
          minmay_the_grid_square_5x5_checkered_statues,
          minmay_the_grid_square_5x5_bracketed,
          minmay_the_grid_square_5x5_hourglass,
          minmay_the_grid_square_5x5_inner_i], layout_rooms,
          nicolae_qazlal_style_of_elements, minmay_temple_entry_poolview,
          enter_bailey_3

Skill      XL: |  1  2  3  4  5  6  7  8  9 |
---------------+----------------------------+-----
Spellcasting   | 3 4 5 6 7 9 |  9.0
Conjurations   | 5 6 7 9 10 | 10.4
Dodging        | |  1.7
Stealth        | |  1.7

Action                     |  1- 3 |  4- 6 |  7- 9 || total
---------------------------+-------+-------+-------++-------
  Melee: Unarmed           |     2 |       |       ||     2
         Short sword       |       |    22 |    44 ||    66
         Headbutt          |       |     6 |    16 ||    22
         Punch             |       |     1 |     2 ||     3
   Fire: Sling             |   124 |   167 |    76 ||   367
   Cast: Magic Dart        |    28 |    65 |    87 ||   180
         Searing Ray       |     2 |     8 |    26 ||    36
   Stab: Paralysed         |       |    11 |    36 ||    47
 Armour: Robe              |    61 |    95 |   104 ||   260
  Dodge: Dodged            |    53 |   112 |    85 ||   250
         Repelled          |       |     1 |     1 ||     2
  Block: Other             |    15 |    35 |    21 ||    71

Table legend: (Time is in decaauts)
 A = Elapsed time spent in this place.
 B = Non-inter-level travel time spent in this place.
 C = Inter-level travel time spent in this place.
 D = Time resting spent in this place.
 E = Time spent auto-exploring this place.
 F = Levels seen in this place.
 G = Mean time per level.
                   A        B        C        D        E       F      G
               +--------+--------+--------+--------+--------+-----+--------+
         Total |   8464 |   7684 |    780 |     14 |   6322 |   7 | 1209.1 |
       Dungeon |   8464 |   7684 |    780 |     14 |   6322 |   7 | 1209.1 |
               +--------+--------+--------+--------+--------+-----+--------+

Top non-repeatable levels by time:
     D:6: 1866 daAuts
     D:5: 1600 daAuts
     D:2: 1596 daAuts
     D:4: 1229 daAuts
     D:1: 1054 daAuts
     D:3: 907 daAuts
     D:7: 210 daAuts

Levels and vault maps discovered:
D:1:      mushboom_english_gardens, layout_basic,
          nicolae_concentric_dashed_squares_mild
D:2:      layout_loops_corners, minmay_randomly_rotated_circles, uniq_robin,
          uniq_crazy_yiuf_cottage
D:3:      layout_rooms, serial_undead, serial_undead_d, serial_undead_e,
          serial_undead_a, serial_undead_d, serial_undead_e
D:4:      cheibrodos_helix_gallery, layout_loops_corners
D:5:      layout_basic, mainiacjoe_overflow_24_doors, lemuel_round_altar,
          serial_shops, shop, minmay_misc_feat_plants, uniq_edmund, uniq_ijyb,
          uniq_grinder
D:6:      layout_basic, okawaru_gym_becter
D:7:      minmay_the_grid_square_5x5_3x3 [minmay_the_grid_square_5x5_two_small,
          minmay_the_grid_square_5x5_bite, minmay_the_grid_square_5x5_mess,
          minmay_the_grid_square_5x5_eight_small,
          minmay_the_grid_square_5x5_megaprize_open,
          minmay_the_grid_square_5x5_checkered_statues,
          minmay_the_grid_square_5x5_bracketed,
          minmay_the_grid_square_5x5_hourglass,
          minmay_the_grid_square_5x5_inner_i], layout_rooms,
          nicolae_qazlal_style_of_elements, minmay_temple_entry_poolview,
          enter_bailey_3

Table legend: (Time is in decaauts)
 A = Elapsed time spent in this place.
 B = Non-inter-level travel time spent in this place.
 C = Inter-level travel time spent in this place.
 D = Time resting spent in this place.
 E = Time spent auto-exploring this place.
 F = Levels seen in this place.
 G = Mean time per level.
                   A        B        C        D        E       F      G
               +--------+--------+--------+--------+--------+-----+--------+
         Total |   8464 |   7684 |    780 |     14 |   6322 |   7 | 1209.1 |
       Dungeon |   8464 |   7684 |    780 |     14 |   6322 |   7 | 1209.1 |
               +--------+--------+--------+--------+--------+-----+--------+

Top non-repeatable levels by time:
     D:6: 1866 daAuts
     D:5: 1600 daAuts
     D:2: 1596 daAuts
     D:4: 1229 daAuts
     D:1: 1054 daAuts
     D:3: 907 daAuts
     D:7: 210 daAuts

Table legend:
 A = Kills in this place as a percentage of kills in the entire game.
 B = Kills by you in this place as a percentage of kills by you in the entire game.
 C = Kills by friends in this place as a percentage of kills by friends in the entire game.
 D = Other kills in this place as a percentage of other kills in the entire game.
 E = Experience gained in this place as a percentage of experience gained in the entire game.
 F = Experience gained in this place divided by the number of levels of this place that you have seen.
                   A       B       C       D       E      F
               +-------+-------+-------+-------+-------+----------------------
         Total | 100.0 | 100.0 |   N/A | 100.0 | 100.0 | 633.0
       Dungeon | 100.0 | 100.0 |   N/A | 100.0 | 100.0 | 633.0
               +-------+-------+-------+-------+-------+----------------------
